 Dungeon Sprint DCSS version bcrawl-1.19.2-6-g6a88ae04c9 (webtiles) character file.

Game seed: 10432679852709182293

348 Freyura the Basher (level 6, 0/44 HPs)
             Began as a Gargoyle Monk on Jan 5, 2020.
             Was a Follower of Ru.
             Slain by an ogre
             ... wielding a +0 giant club
              (12 damage)
             ... in the Dungeon (Sprint IX: "|||||||||||||||||||||||||||||").
             The game lasted 00:03:24 (405 turns).

Freyura the Basher (Gargoyle Monk)                   Turns: 405, Time: 00:03:25

Health: 0/44       AC: 24    Str: 15    XL:     6   Next: 60%
Magic:  0/7        EV: 10    Int: 10    God:    Ru [*.....]
Gold:   0          SH:  0    Dex: 14    Spells: 5/5 levels left

rFire    . . .     SeeInvis .   o - +2 morningstar (protect)
rCold    . . .     Gourm    .   (no shield)
rNeg     + . .     Faith    .   r - +2 ring mail
rPois    ∞         Spirit   +   c - +0 hat
rElec    +         Reflect  .   (no cloak)
rCorr    .         Harm     .   q - +0 pair of gloves
MR       .....     NoTele   +   p - +0 pair of boots
Stlth    +.........             d - amulet of guardian spirit
HPRegen  0.14/turn              s - +2 ring of protection
MPRegen  0.10/turn              (no ring)

@: protection aura
A: negative energy resistance 1, electricity resistance, unbreathing,
petrification resistance, rot immunity, inability to train dodging, AC +4
a: Renounce Religion


You were in the Dungeon.
You worshipped Ru.
Ru was aware of your devotion.
You were not hungry.

You visited 1 branch

Inventory:

Hand Weapons
 o - a +2 morningstar of protection (weapon)
Armour
 c - a +0 hat (worn)
 p - a +0 pair of boots (worn)
 q - a +0 pair of gloves (worn)
 r - a +2 ring mail (worn)
Jewellery
 d - an amulet of guardian spirit (around neck)
 s - a +2 ring of protection (left hand)
Wands
 n - a wand of acid (10)
Scrolls
 k - 2 scrolls of blinking
 l - 3 scrolls of remove curse
 m - 2 scrolls of amnesia
Potions
 e - 5 potions of curing
 g - 3 potions of heal wounds
 h - a potion of haste
 i - 4 potions of magic
 j - a potion of invisibility
Comestibles
 f - a ration {!d}


   Skills:
 + Level 7.9 Fighting
 * Level 9.8 Maces & Flails
 + Level 7.0 Armour
   Level 0.0 Dodging
 - Level 2.4 Stealth
   Level 2.1 Invocations


You had 5 spell levels left.
You didn't know any spells.
Your spell library was empty.

Dungeon Overview and Level Annotations

Branches:
Dungeon (1/1)

Altars:
Cheibriados
Dithmenos
Elyvilon
Fedhas
Gozag
Hepliaklqana
Kikubaaqudgha
Lugonu
Makhleb
Nemelex Xobeh
Okawaru
Qazlal
Ru
Sif Muna
Trog
Uskayaw
Vehumet
Wu Jian
Xom
Yredelemnul
Zin
The Shining One
Beogh
Jiyva


Innate Abilities, Weirdness & Mutations

You are resistant to torment.
Your stone body is resilient. (AC +4)
You are immune to poison.
You resist negative energy. (rN+)
You are resistant to electric shocks. (rElec)
You can survive without breathing.
You are immune to petrification.
You are immune to rotting.
You cannot train Dodging skill.


Message History

Your Armour skill increases to level 7!
The phantom hits you but does no damage.
You hit the ogre.
The ogre is lightly wounded.
The ogre barely misses you. The phantom misses you.
You closely miss the ogre.
The ogre is lightly wounded.
The phantom barely misses you. The ogre hits you with a +0 giant club.
* * * LOW HITPOINT WARNING * * *
You bludgeon the ogre!!
The ogre is almost dead.
The phantom hits you but does no damage.
The ogre completely misses you.
You hit the ogre.
The ogre is almost dead.
The phantom blinks!
You barely miss the ogre.
The ogre is almost dead.
The ogre hits you with a +0 giant club!
You die...

▓.▓
▓.▓
▓|▓
▓W▓
▓.▓
▓.▓
▓.▓
▓§▓
▓@▓
▓O▓
▓5▓
▓Z▓
▓.▓
▓.▓
▓.▓
▓.▓


You could see a phantom, an ogre, a crimson imp and a bat zombie.

Vanquished Creatures
  A troll (D)
  A sky beast (D)
  A crimson imp (D)
  A gnoll (D)
  2 orcs (D)
  A bat (D)
  A goblin (D)
  A hobgoblin (D)
  A jackal skeleton (D)
  2 kobolds (D)
12 creatures vanquished.

Notes
Turn   | Place    | Note
-------+----------+-------------------------------------------
     0 | D        | Freyura the Gargoyle Monk began the quest for the Orb.
     0 | D        | Reached XP level 1. HP: 14/14 MP: 2/2
    18 | D        | Reached skill level 1 in Armour
   112 | D        | Noticed a crimson imp
   119 | D        | Reached skill level 4 in Maces & Flails
   119 | D        | Reached XP level 2. HP: 20/20 MP: 3/3
   167 | D        | Killed a crimson imp
   167 | D        | Reached skill level 5 in Maces & Flails
   167 | D        | Reached XP level 3. HP: 12/25 MP: 2/4
   307 | D        | Found a roughly hewn altar of Beogh.
   307 | D        | Found a snail-covered altar of Cheibriados.
   307 | D        | Found a shadowy altar of Dithmenos.
   307 | D        | Found a white marble altar of Elyvilon.
   307 | D        | Found a blossoming altar of Fedhas.
   307 | D        | Found an opulent altar of Gozag.
   308 | D        | Found a hazy altar of Hepliaklqana.
   309 | D        | Found a viscous altar of Jiyva.
   310 | D        | Found an ancient bone altar of Kikubaaqudgha.
   311 | D        | Found a corrupted altar of Lugonu.
   312 | D        | Found a burning altar of Makhleb.
   313 | D        | Found a sparkling altar of Nemelex Xobeh.
   314 | D        | Found an iron altar of Okawaru.
   315 | D        | Found a stormy altar of Qazlal.
   316 | D        | Found a sacrificial altar of Ru.
   317 | D        | Found a shimmering blue altar of Sif Muna.
   318 | D        | Found a bloodstained altar of Trog.
   319 | D        | Found a hide-covered altar of Uskayaw.
   320 | D        | Found a radiant altar of Vehumet.
   321 | D        | Found an ornate altar of the Wu Jian Council.
   322 | D        | Found a shimmering altar of Xom.
   323 | D        | Found a basalt altar of Yredelemnul.
   324 | D        | Became a worshipper of Ru the Awakened
   325 | D        | Found a glowing silver altar of Zin.
   326 | D        | Found a glowing golden altar of the Shining One.
   330 | D        | Gained mutation: You cannot train Dodging skill. [Ru
                  | sacrifice]
   330 | D        | Reached * piety under Ru
   380 | D        | Noticed a troll
   380 | D        | Noticed a phantom
   380 | D        | Noticed a sky beast
   380 | D        | Noticed an ogre
   387 | D        | Killed a troll
   387 | D        | Reached skill level 9 in Maces & Flails
   387 | D        | Reached XP level 4. HP: 14/34 MP: 3/5
   387 | D        | Reached XP level 5. HP: 16/38 MP: 3/6
   387 | D        | Reached XP level 6. HP: 18/44 MP: 3/7
   400 | D        | Killed a sky beast
   405 | D        | Slain by an ogre

Skill      XL: |  1  2  3  4  5  6 |
---------------+-------------------+-----
Armour         | 2 3 6 7 |  7.0
Fighting       | 4 7 |  7.9
Maces & Flails | 4 5 9 |  9.8
Dodging        | 3 0 |  0.0
Stealth        | |  2.4
Invocations    | |  2.1

Action                   |  1- 3 |  4- 6 || total
-------------------------+-------+-------++-------
Melee: Mace              |    49 |       ||    49
       Morningstar       |     7 |    18 ||    25
Invok: Sacrifice Nimblen |     1 |       ||     1
  Use: Potion            |     1 |       ||     1
Armor: Robe              |    11 |       ||    11
       Ring mail         |     8 |    13 ||    21
Dodge: Dodged            |    52 |    11 ||    63
